 Dungeon Crawl Stone Soup version 0.21.0-24-g2553a3340b (webtiles) character file.

28 Krosko the Sneak (level 3, -4/16 HPs)
             Began as a Spriggan Enchanter on Jan 20, 2018.
             Killed from afar by an orc wizard (9 damage)
             ... with a magic dart
             ... on level 2 of the Dungeon.
             The game lasted 00:21:18 (954 turns).

Krosko the Sneak (Spriggan Enchanter)                Turns: 954, Time: 00:21:18

Health: -4/16      AC:  2    Str:  4    XL:     3   Next: 0%
Magic:  8/8        EV: 18    Int: 16    God:
Gold:   37         SH:  0    Dex: 17    Spells: 5/8 levels left

rFire    . . .     SeeInvis +   a - +1 dagger
rCold    . . .     Gourm    .   (shield restricted)
rNeg     . . .     Faith    .   k - +0 robe
rPois    .         Spirit   .   (helmet restricted)
rElec    .         Reflect  .   (no cloak)
rCorr    .         Harm     .   (gloves unavailable)
MR       .....                  (boots unavailable)
Stlth    +++.......             (no amulet)
HPRegen  0.05/turn              (no ring)
MPRegen  0.11/turn              (no ring)

@: very quick
A: very small, unfitting armour, see invisible, herbivore, speed 3, slow
metabolism 2
a: no special abilities


You were on level 2 of the Dungeon.
You were not hungry.

You visited 1 branch of the dungeon, and saw 2 of its levels.

You collected 37 gold pieces.

Inventory:

Hand Weapons
 a - a +1 dagger (weapon)
 f - a +0 club
 h - a +0 spear
 i - a +0 dagger
Missiles
 e - 19 arrows
 g - 52 stones (quivered)
Armour
 b - a +0 robe
 j - a +0 leather armour
 k - a +0 robe (worn)
Books
 c - a book of Maledictions

   Spells                             Type                      Level
   a - Corona                         Hexes                        1
   b - Ensorcelled Hibernation        Hexes/Ice                    2
   c - Confuse                        Hexes                        3
   d - Tukima's Dance                 Hexes                        3
   e - Dazzling Spray                 Conjuration/Hexes            3
Comestibles
 d - 2 rations


   Skills:
 - Level 1.2 Short Blades
 - Level 3.2 Dodging
 - Level 5.2 Stealth
 + Level 3.2 Spellcasting
 + Level 4.0 Hexes


You had 5 spell levels left.
You knew the following spells:

 Your Spells              Type           Power        Failure   Level  Hunger
a - Corona                Hex            ###....      3%          1    None
b - Ensorcelled Hibernat  Hex/Ice        #.....       12%         2    ##.....


Dungeon Overview and Level Annotations

Branches:
Dungeon (2/15)

Altars:


Innate Abilities, Weirdness & Mutations

You are very small and have problems with some larger weapons.
You are too small for most types of armour.
You have supernaturally acute eyesight. (SInv)
You are a herbivore.
You cover ground extremely quickly.
You need consume almost no food.


Message History

You start resting.
Magic restored.
You start putting on your armour.
You continue putting on your robe. x4
You finish putting on your +0 robe.
You start resting.
An orc wizard comes into view. It is wielding a dagger.
The orc wizard moves out of view.
An orc wizard comes into view. It is wielding a dagger.
Casting: Ensorcelled Hibernation
Confirm with . or Enter, or press ? or * to list all spells.
You don't know that spell.
The orc wizard shouts!
The orc wizard gestures at you while chanting.
The magic dart hits you!
An orc comes into view. It is wielding a short sword.
The orc shouts!
The orc wizard casts a spell at you. The magic dart hits you!
Ouch! That really hurt!
You die...

..........#...#
.......o..#...#
##....oo)....# .
#...........##..
#...............
#...............
#...............
#...............
#......@...####
#..........#
#..............
...########......
... ...... .
...... .....
...##


You could see 2 orc wizards and an orc.

Vanquished Creatures
  An adder (D:2)
  An ooze (D:1)
  A dart slug (D:1)
  A giant cockroach (D:1)
  2 bats (D:1)
  2 frilled lizards (D:1)
  3 goblins (D:1)
  A kobold (D:2)
  5 rats
17 creatures vanquished.

Notes
Turn   | Place    | Note
-------+----------+-------------------------------------------
     0 | D:1      | Krosko the Spriggan Enchanter began the quest for the Orb.
     0 | D:1      | Reached XP level 1. HP: 9/9 MP: 5/5
   310 | D:1      | Reached XP level 2. HP: 5/13 MP: 6/6
   353 | D:1      | Reached skill level 5 in Stealth
   592 | D:1      | Learned a level 2 spell: Ensorcelled Hibernation
   860 | D:2      | Reached XP level 3. HP: 6/16 MP: 5/8
   954 | D:2      | Killed from afar by an orc wizard

Skill      XL: |  1  2 |
---------------+-------+-----
Stealth        | 5 |  5.2
Spellcasting   | 3 |  3.2
Hexes          | 4 |  4.0
Short Blades   | |  1.2
Dodging        | |  3.2

Action                   || total
-------------------------++-------
Melee: Dagger            ||    61
       Spear             ||     4
 Cast: Ensorcelled Hiber ||     1
  Use: Scroll            ||     1
 Stab: Sleeping          ||     5
Armor: Robe              ||     6
Dodge: Dodged            ||    57
